 Dungeon Crawl Stone Soup version 0.28-a0-1412-gf95308ed99 (webtiles) character file.

Game seed: 8927673251504658715

606 HallandMoats the Skirmisher (level 7, -11/60 HPs)
             Began as a Ghoul Fighter on Jan 6, 2022.
             Was a Follower of Trog.
             Killed from afar by a steam dragon (19 damage)
             ... with a ball of steam
             ... on level 4 of the Dungeon.
             The game lasted 00:04:58 (3743 turns).

HallandMoats the Skirmisher (Ghoul Fighter)         Turns: 3743, Time: 00:04:58

Health: -11/60     AC: 15    Str: 20    XL:     7   Next: 42%
Magic:  17/17      EV: 10    Int:  3    God:    Trog [*.....]
Gold:   121        SH:  4    Dex: 10    Spells: 6/6 levels left

rFire   . . .      SeeInvis .   b - +0 flail (protect)
rCold   + . .      Faith    .   c - +0 buckler
rNeg    + + +      Spirit   .   d - +0 scale mail
rPois   ∞          Reflect  .   (no helmet)
rElec   .          Harm     .   (no cloak)
rCorr   +          Rampage  .   (no gloves)
Will    .....                   l - +0 pair of boots
Stlth   ..........              (no amulet)
HPRegen 0.00/turn               n - ring of resist corrosion
MPRegen 0.15/turn               e - ring of magical power

@: under a protective aura, inhibited regen
A: claws 1, cold resistance 1, negative energy resistance 3, inhibited
regeneration, torment resistance 2
a: Renounce Religion


You were on level 4 of the Dungeon.
You worshipped Trog.
Trog was aware of your devotion.
You visited 1 branch of the dungeon, and saw 4 of its levels.

You collected 121 gold pieces.

Inventory:

Hand Weapons
 a - a +0 long sword
 b - a +0 flail of protection (weapon)
Armour
 c - a +0 buckler (worn)
 d - a +0 scale mail (worn)
 l - a +0 pair of boots (worn)
Jewellery
 e - a ring of magical power (right claw)
 h - a +6 ring of intelligence
 n - a ring of resist corrosion (left claw)
Scrolls
 f - 2 scrolls of teleportation {unknown}
 g - a scroll of amnesia {unknown}
 i - 5 scrolls of identify {unknown}
 o - a scroll of fear {unknown}
Potions
 k - a potion of degeneration {unknown}
 m - a potion of attraction {unknown}
 p - a potion of mutation {unknown}


   Skills:
 + Level 4.4 Fighting
 + Level 3.0 Long Blades
 + Level 3.7 Armour
 + Level 2.3 Dodging
 * Level 4.4 Shields
 * Level 3.5 Invocations


You had 6 spell levels left.
You didn't know any spells.
Your spell library was empty.

Dungeon Overview and Level Annotations

Branches:
Dungeon (4/15)
 Temple: D:4-7

Altars:
Trog
Yredelemnul

Annotations:
D:4 2 transporters, PezBoy's ghost, amateur MiGl


Innate Abilities, Weirdness & Mutations

You thrive by killing the living.
You are immune to poison.
You have sharp fingernails.
Your flesh is cold resistant. (rC+)
You are immune to negative energy. (rN+++)
You do not regenerate when monsters are visible.
You are immune to unholy pain and torment.


Message History

The steam dragon is heavily wounded.
The steam dragon breathes steam at you. The ball of steam hits you!
* * * LOW HITPOINT WARNING * * *
You hit the steam dragon but do no damage.
The steam dragon is moderately wounded.
You are engulfed in a cloud of scalding steam.
The steam dragon bites you but does no damage.
The steam dragon claws you but does no damage.
You closely miss the steam dragon.
The steam dragon is moderately wounded.
You are engulfed in a cloud of scalding steam.
The steam dragon bites you!
* * * LOW HITPOINT WARNING * * *
The steam dragon claws you but does no damage.
The steam dragon barely misses you. You block the steam dragon's attack.
You hit the steam dragon.
The steam dragon is heavily wounded.
The steam dragon bites you but does no damage.
The steam dragon claws you but does no damage.
You sock the steam dragon!
The steam dragon is severely wounded.
The steam dragon barely misses you. The steam dragon claws you.
* * * LOW HITPOINT WARNING * * *
The steam dragon barely misses you. The steam dragon claws you.
* * * LOW HITPOINT WARNING * * *
You hit the steam dragon but do no damage.
The steam dragon is severely wounded.
The steam dragon bites you.
* * * LOW HITPOINT WARNING * * *
The steam dragon claws you but does no damage.
You closely miss the steam dragon.
The steam dragon is severely wounded.
The steam dragon barely misses you.
The steam dragon claws you but does no damage.
It was a potion of curing.
You feel better. The steam dragon barely misses you.
The steam dragon claws you but does no damage.
The steam dragon breathes steam at you. The ball of steam hits you!!
You die...

#.# #.# #.# #.# #.#
#.# #<# #.# #.# #.#
#.# #.# #.# #.#####
####.########......
#.@............###.
#D##.#########.# #.
#.##...........# #.
...###########.# ##
≈#.## #.#### ≈≈#.#
#..... ## ≈.#
###### ≈.# ..#


You could see a steam dragon (catching breath).

Vanquished Creatures
  Edmund (D:4)
  A necrophage (D:4)
  An ogre (D:4)
  A scorpion (D:4)
  A hound (D:4)
  2 jellies
  An iguana (D:2)
  2 orc wizards (D:3)
  3 adders
  2 worms (D:3)
  A dart slug (D:1)
  10 orcs
  6 endoplasms
  5 giant cockroaches
  4 hobgoblins (D:1)
  2 jackals (D:1)
  2 kobolds
  A quokka (D:2)
  11 ball pythons
  3 bats (D:3)
  A frilled lizard (D:1)
  4 goblins
  4 rats
69 creatures vanquished.

Notes
Turn   | Place    | Note
-------+----------+-------------------------------------------
     0 | D:1      | HallandMoats the Ghoul Fighter began the quest for the Orb.
     0 | D:1      | Reached XP level 1. HP: 19/19 MP: 0/0
    59 | D:1      | Reached XP level 2. HP: 24/26 MP: 1/1
   815 | D:1      | Found a faded altar of an unknown god.
   858 | D:1      | Prayed at the altar of an unknown god.
   858 | D:1      | Became a worshipper of Trog the Wrathful
   858 | D:1      | Reached * piety under Trog
   902 | D:2      | Reached XP level 3. HP: 31/31 MP: 2/2
   912 | D:2      | Found a basalt altar of Yredelemnul.
  1021 | D:2      | Reached skill level 1 in Dodging
  1379 | D:2      | Reached XP level 4. HP: 38/38 MP: 3/3
  1809 | D:3      | Reached skill level 1 in Invocations
  2003 | D:3      | Reached XP level 5. HP: 46/46 MP: 5/5
  2418 | D:3      | Reached ** piety under Trog
  2832 | D:4      | Noticed an acid dragon
  2834 | D:4      | Noticed PezBoy's ghost (amateur MiGl)
  2848 | D:4      | Noticed an ogre
  2854 | D:4      | Killed an ogre
  2855 | D:4      | Reached XP level 6. HP: 41/52 MP: 6/6
  2899 | D:4      | Found a transporter.
  2902 | D:4      | Found a transporter.
  2926 | D:4      | Noticed a necrophage
  2949 | D:4      | Killed a necrophage
  3256 | D:4      | Noticed Edmund
  3342 | D:3      | Reached XP level 7. HP: 38/59 MP: 8/8
  3460 | D:4      | Killed Edmund
  3712 | D:4      | Noticed a steam dragon
  3739 | D:4      | HP: 2/60 [steam dragon (2)]
  3743 | D:4      | Killed from afar by a steam dragon

Illustrated notes

Levels and vault maps discovered:
D:1:      dpeg_arrival_pits, layout_basic,
          hellmonk_ecumenical_altar_inner_sanctum
D:2:      layout_basic, basic_altar
D:3:      layout_loops_cross
D:4:      kennysheep_goblin_castle, layout_loops_ring, gammafunk_ghost_arena,
          palyth_stone_intersect, uniq_edmund

Skill      XL: |  1  2  3  4  5  6  7 |
---------------+----------------------+-----
Long Blades    | 2 3 |  3.0
Shields        | 3 4 |  4.4
Armour         | 3 |  3.7
Dodging        | 1 2 |  2.3
Invocations    | 1 2 3 |  3.5
Fighting       | 4 |  4.4

Action                   |  1- 3 |  4- 6 |  7- 9 || total
-------------------------+-------+-------+-------++-------
Melee: Long sword        |    80 |   152 |     5 ||   237
       Flail             |       |       |    32 ||    32
Invok: Trog's Hand       |       |     4 |       ||     4
  Use: Potion            |       |       |     2 ||     2
Armor: Scale mail        |    41 |    62 |    24 ||   127
Dodge: Dodged            |    37 |    64 |    30 ||   131
Block: Buckler           |     9 |    34 |    12 ||    55

Table legend: (Time is in decaauts)
 A = Elapsed time spent in this place.
 B = Non-inter-level travel time spent in this place.
 C = Inter-level travel time spent in this place.
 D = Time resting spent in this place.
 E = Time spent auto-exploring this place.
 F = Levels seen in this place.
 G = Mean time per level.
                   A        B        C        D        E       F      G
               +--------+--------+--------+--------+--------+-----+--------+
         Total |   3833 |   3701 |    132 |    111 |   2862 |   4 |  958.2 |
       Dungeon |   3833 |   3701 |    132 |    111 |   2862 |   4 |  958.2 |
               +--------+--------+--------+--------+--------+-----+--------+

Top non-repeatable levels by time:
     D:3: 1169 daAuts
     D:1: 916 daAuts
     D:2: 907 daAuts
     D:4: 840 daAuts
